cohdb
Replays
Latest Replays
All Replays
Popular Replays
Top Player Replays
Match Explorer
How It Works
Community
CoH3 Stats
Reddit
Sign in to upload your games and track your stats! →
Sign in with Steam
Match 35558825
Unlisted
Match 35558825
Overview
Messages
Build Orders
End
Construct Infanterie Kompanie
Grenadier Squad
MG 42 Machine Gun Team
Selects Breakthrough Battlegroup
Selects Assault Grenadiers
GrW 34 Mortar Team
Grenadier Squad
Construct Luftwaffe Kompanie
Grenadier Squad
221 Scout Car
221 Scout Car
Selects Rapid Production
Grenadier Squad
Support Elements
Marder III M Tank Destroyer
Jäger Squad
Marder III M Tank Destroyer
Jäger Squad
Selects Blitzkrieg
Wirbelwind Flakpanzer
Wirbelwind Flakpanzer
Jäger Squad
Marder III M Tank Destroyer
Jäger Squad
Wirbelwind Flakpanzer
Marder III M Tank Destroyer
Jäger Squad
Selects Tiger Heavy Tank
ChokladZingo
poppe
freddan
Seppun
Büdös Búvár
Field marshal Prince
0
0
Comments
sign in to comment!
No comments posted yet!